Match 28764387
Unlisted

Match 28764387
End
Construct Barracks
Engineer Squad
Selects Advanced Infantry Battlegroup
Riflemen Squad
Riflemen Squad
Riflemen Squad
Mechanized Support Center
Selects Convert to Ranger Squad
Convert to Ranger Squad
Construct Motor Pool
Improvised Armor
Convert to Ranger Squad
M24 Chaffee Light Tank
Construct Medical Station
Selects Designate Assault Position
Convert to Ranger Squad
Selects Ranger Weapon Training
Construct Tank Depot
Selects Ammunition Storage
M18 Hellcat Tank Destroyer
Selects M2A1 105mm Howitzer Emplacement
Selects 155mm Rapid Artillery Barrage
M18 Hellcat Tank Destroyer
ZeroEres
TidaL
SASU
SeaNettle
Whisky_Straight
YouZAE
0
0

Comments sign in to comment!

No comments posted yet!